 Dungeon Crawl Stone Soup version 0.29.1-12-g30fa7ad0bf (webtiles) character file.

Game seed: 636618703257636795

19044 Rrauwl the Brawler (level 12, -1/115 HPs)
             Began as a Troll Monk on Dec 23, 2022.
             Was the Champion of Ru.
             Slain by a 15-headed hydra (9 damage)
             ... on level 2 of the Lair of Beasts.
             The game lasted 00:33:42 (8990 turns).

Rrauwl the Brawler (Troll Monk)                     Turns: 8990, Time: 00:33:43

Health: -1/115     AC: 11    Str: 26      XL:     12   Next: 33%
Magic:  11/11      EV: 11    Int:  5 (6)  God:    Ru [******]
Gold:   690        SH: 16    Dex:  9 (12) Spells: 11/11 levels left

rFire   x . .      SeeInvis .     - Unarmed
rCold   . . .      Faith    .   e - +0 tower shield
rNeg    . . .      Spirit   .   A - +0 swamp dragon scales
rPois   +          Reflect  .   m - +2 hat
rElec   .          Harm     .   y - scarf {shadows}
rCorr   .          Rampage  .   (gloves unavailable)
Will    .....                   (boots unavailable)
Stlth   +.........              (no amulet)
HPRegen 1.09/turn               u - ring of protection from cold
MPRegen 0.12/turn               B - +4 ring of evasion

@: hasted, very quick
A: large, unfitting armour, claws 3, regeneration 1, shaggy fur 1, tough skin 1,
inability to use devices, no fire magic, no hexes magic, no necromancy magic,
weak-willed 1, temperature sensitive, deterioration 1, robust 1, wild magic 1
a: Renounce Religion, Draw Out Power, Power Leap, Apocalypse


You were on level 2 of the Lair of Beasts.
You worshipped Ru.
Ru was exalted by your worship.
You visited 3 branches of the dungeon, and saw 12 of its levels.
You also visited: Sewer, Ossuary and Bailey.

You collected 690 gold pieces.

Inventory:

Armour
 e - a +0 tower shield (worn)
 m - a +2 hat (worn)
 y - a scarf of shadows (worn)
 A - +0 swamp dragon scales (worn)
Jewellery
 d - a ring of positive energy
 u - a ring of protection from cold (left claw)
 B - a +4 ring of evasion (right claw)
Scrolls
 c - 2 scrolls of fog
 f - 6 scrolls of identify
 g - a scroll of vulnerability
 k - 2 scrolls of fear
 n - 5 scrolls of magic mapping
 p - 2 scrolls of teleportation
 q - 2 scrolls of poison
 t - 5 scrolls of blinking
 w - a scroll of enchant armour
Potions
 a - a potion of cancellation
 b - 4 potions of ambrosia
 h - 2 potions of invisibility
 r - 4 potions of lignification
 s - 6 potions of haste


   Skills:
 - Level 3.0 Fighting
 - Level 3.0 Dodging
 - Level 1.0 Stealth
 + Level 12.7 Shields
 + Level 15.3 Unarmed Combat


You had 11 spell levels left.
You didn't know any spells.
Your spell library was empty.

Dungeon Overview and Level Annotations

Branches:
Dungeon (9/15)             Temple (1/1) D:5            Lair (1/5) D:9
 Spider (0/4) Lair:2        Sewer (visited)         Ossuary (visited)
 Bailey (visited)
    Orc: D:9-12

Altars:
Ashenzari
Elyvilon
Fedhas
Gozag
Hepliaklqana
Nemelex Xobeh
Ru
Vehumet
Wu Jian
Xom

Portals:
Abyss: D:4

Annotations:
D:4 2 transporters, Quickbrownfox's ghost, amateur DsIE


Innate Abilities, Weirdness & Mutations

You are too large for most types of armour.
You have claws for hands.
Your natural rate of healing is unusually fast.
You are covered in fur. (AC +1)
You have tough skin. (AC +1)
You cannot study or use magical devices.
You cannot study or cast Fire magic.
You cannot study or cast Hexes magic.
You cannot study or cast Necromancy magic.
You are slightly weak-willed. (Will-)
You are sensitive to extremes of temperature. (rF-, rC-)
Your body sometimes deteriorates upon taking damage.
You are robust. (+10% HP)
Your spells are a little harder to cast, but a little more powerful.


Message History

You focus your inner power and illuminate the 12-headed hydra in retribution!
You claw one of the 12-headed hydra's heads off!
The 11-headed hydra grows two more!
You mangle the 13-headed hydra!!
The 13-headed hydra is severely wounded.
Unknown command.
You rip one of the 13-headed hydra's heads off!
The 12-headed hydra grows two more!
You claw the 14-headed hydra!
The 14-headed hydra is severely wounded.
You block the 14-headed hydra's attack. x2
The 14-headed hydra bites you but does no damage.
The 14-headed hydra bites you. You block the 14-headed hydra's attack.
The 14-headed hydra bites you. The 14-headed hydra misses you.
The 14-headed hydra bites you! The 14-headed hydra bites you.
You focus your inner power and illuminate the 14-headed hydra in retribution!
The 14-headed hydra bites you but does no damage.
The 14-headed hydra closely misses you. The 14-headed hydra bites you!
The 14-headed hydra bites you. The 14-headed hydra bites you!
* * * LOW HITPOINT WARNING * * *
Unknown command.
Unknown command.
You tear one of the 14-headed hydra's heads off!
The 13-headed hydra grows two more!
You claw the 15-headed hydra!
The 15-headed hydra is severely wounded.
You completely miss the 15-headed hydra.
The 15-headed hydra is severely wounded.
The 15-headed hydra bites you but does no damage.
You block the 15-headed hydra's attack. The 15-headed hydra bites you.
* * * LOW HITPOINT WARNING * * *
The 15-headed hydra bites you!
* * * LOW HITPOINT WARNING * * *
The 15-headed hydra bites you.
* * * LOW HITPOINT WARNING * * *
The 15-headed hydra bites you but does no damage.
You block the 15-headed hydra's attack. x4
The 15-headed hydra closely misses you.
The 15-headed hydra bites you but does no damage.
The 15-headed hydra bites you.
* * * LOW HITPOINT WARNING * * *
The 15-headed hydra bites you!
You die...

.###.. ### . ..# ...##.⌠...#..
..# ....#........ ..#
............. .## ##
#.##..........
###†.###....#.......
.#..........#....D#### #......#
.......@.#..# #.....##
.....#.#+..... #..#^..#
##P.......... ###.##.###
####.................#
#..#.##..###....................#
..#.#.....#.....................#
.#.#......>#.........>..........#
#...#.[....#...........P..P.P...#
##...##..####.#####....#........#


You could see a 15-headed hydra (blind, corona).

Vanquished Creatures
  Gastronok (D:8)
  A hydra (Lair:2)
  2 elephants (Lair:2)
  A black mamba (Lair:2)
  Maggie (D:7)
  3 kobold demonologists
  A hornet (D:8)
  2 blink frogs (Lair:2)
  6 culicivoras (Lair:2)
  Sigmund (D:2)
  21 yaks
  A wyvern (D:7)
  A steam dragon (D:9)
  2 basilisks
  Grum (D:9)
  Menkaure (Ossuary)
  An acid dragon (D:6)
  4 water moccasins
  7 orc warriors
  2 sky beasts (D:7)
  An ice beast (D:5)
  2 ogres
  A centaur (D:7)
  10 wolves
  3 kobold brigands
  3 bullfrogs
  3 necrophages
  3 gnoll sergeants
  A scorpion (D:4)
  3 wights (D:7)
  6 killer bees (D:8)
  2 howler monkeys
  6 jellies
  5 hounds
  2 orc priests
  Jessica (D:3)
  2 gnoll boudas
  2 iguanas
  3 orc wizards (D:7)
  A statue (D:5)
  3 mummies (Ossuary)
  Robin (D:2)
  21 gnolls
  3 adders
  2 river rats (D:5)
  A shadow imp (D:5)
  2 white imps
  An ufetubus (D:5)
  A worm (D:2)
  8 dart slugs
  24 orcs
  8 ball pythons
  5 bats
  8 endoplasms
  9 giant cockroaches
  6 gnoll zombies (Ossuary)
  28 goblins
  6 hobgoblins
  6 jackals
  A quokka (D:2)
  6 frilled lizards
  8 gnoll skeletons (Ossuary)
  5 goblin skeletons (Ossuary)
  A goblin zombie (Ossuary)
  A hobgoblin skeleton (Ossuary)
  6 hobgoblin zombies (Ossuary)
  17 kobolds
  4 kobold skeletons (Ossuary)
  2 kobold zombies (Ossuary)
  2 orc skeletons (Ossuary)
  4 orc zombies (Ossuary)
  6 rats
  4 rat skeletons (Ossuary)
  6 rat zombies (Ossuary)
336 creatures vanquished.

Vanquished Creatures (collateral kills)
  An orc warlord (Bailey)
1 creature vanquished.

Vanquished Creatures (others)
  A black mamba (Lair:2)
  A blink frog (Lair:2)
  A gnoll (D:9)
  A kobold (Bailey)
  A gnoll skeleton (Ossuary)
  3 fungi
  4 plants (Lair:2)
  3 toadstools (D:4)
15 creatures vanquished.

Grand Total: 352 creatures vanquished

Notes
Turn   | Place    | Note
-------+----------+-------------------------------------------
     0 | D:1      | Rrauwl the Troll Monk began the quest for the Orb.
     0 | D:1      | Reached XP level 1. HP: 22/22 MP: 0/0
   113 | D:1      | Reached XP level 2. HP: 25/29 MP: 1/1
   528 | D:2      | Reached XP level 3. HP: 36/36 MP: 2/2
   552 | D:2      | Noticed Sigmund
   570 | D:2      | Killed Sigmund
   571 | D:2      | Reached skill level 5 in Unarmed Combat
   571 | D:2      | Reached XP level 4. HP: 25/45 MP: 3/3
   571 | D:2      | Reached XP level 5. HP: 30/53 MP: 4/4
   615 | D:2      | Found a sacrificial altar of Ru.
   634 | D:2      | Became a worshipper of Ru the Awakened
   655 | D:2      | Gained mutation: You are sensitive to extremes of
                  | temperature. (rF-, rC-) [Ru sacrifice]
   655 | D:2      | Reached * piety under Ru
   655 | D:2      | Reached ** piety under Ru
   789 | D:2      | You fall into a shaft and drop 1 floor!
   796 | D:3      | Found a hazy altar of Hepliaklqana.
   811 | D:3      | Found an opulent altar of Gozag.
   905 | D:3      | Noticed Jessica
   910 | D:3      | Killed Jessica
   946 | D:3      | Reached skill level 6 in Unarmed Combat
  1165 | D:2      | Reached XP level 6. HP: 48/61 MP: 5/5
  1179 | D:2      | Noticed Robin
  1185 | D:2      | Killed Robin
  1653 | D:3      | Found a faded altar of an unknown god.
  2099 | D:4      | Found a one-way gate to the infinite horrors of the Abyss.
  2099 | D:4      | Noticed Quickbrownfox's ghost (amateur DsIE)
  2107 | D:4      | Found a transporter.
  2145 | D:4      | Found a broken altar of Ashenzari.
  2325 | D:4      | Found a transporter.
  2448 | D:4      | Reached skill level 7 in Unarmed Combat
  2716 | D:4      | Gained mutation: You cannot study or cast Fire magic. [Ru
                  | sacrifice]
  2716 | D:4      | Gained mutation: You cannot study or cast Hexes magic. [Ru
                  | sacrifice]
  2716 | D:4      | Gained mutation: You cannot study or cast Necromancy magic.
                  | [Ru sacrifice]
  2716 | D:4      | Reached *** piety under Ru
  2745 | D:5      | Entered Level 5 of the Dungeon
  2749 | D:5      | Reached skill level 1 in Shields
  2778 | D:5      | Found a sand-covered staircase.
  2787 | Ossuary  | Entered an ossuary
  2798 | Ossuary  | Reached XP level 7. HP: 67/67 MP: 6/6
  3093 | Ossuary  | Noticed Menkaure
  3098 | Ossuary  | Killed Menkaure
  3320 | D:5      | Found a glowing drain.
  3328 | Sewer    | Entered a sewer
  3518 | D:5      | Reached skill level 8 in Unarmed Combat
  3549 | D:5      | Found a staircase to the Ecumenical Temple.
  3563 | Temple   | Entered the Ecumenical Temple
  3615 | D:5      | Gained mutation: Your spells are a little harder to cast,
                  | but a little more powerful. [potion of mutation]
  3615 | D:5      | Gained mutation: You are robust. (+10% HP) [potion of
                  | mutation]
  3676 | D:5      | Found a radiant altar of Vehumet.
  4012 | D:5      | Reached XP level 8. HP: 64/82 MP: 7/7
  4826 | D:6      | Reached skill level 5 in Shields
  4826 | D:6      | Reached skill level 9 in Unarmed Combat
  4849 | D:6      | Gained mutation: You are slightly weak-willed. (Will-) [Ru
                  | sacrifice]
  4849 | D:6      | Reached **** piety under Ru
  4849 | D:6      | Reached ***** piety under Ru
  4977 | D:6      | Reached XP level 9. HP: 36/89 MP: 8/8
  4986 | D:6      | Reached skill level 10 in Unarmed Combat
  5376 | D:6      | Noticed a kobold demonologist
  5378 | D:6      | Gained mutation: Your body sometimes deteriorates upon
                  | taking damage. [a neqoxec]
  5381 | D:6      | Noticed a kobold demonologist
  5387 | D:6      | Killed a kobold demonologist
  5391 | D:6      | Noticed a sixfirhy
  5393 | D:6      | Killed a kobold demonologist
  5413 | D:6      | Found an ornate altar of the Wu Jian Council.
  5630 | D:7      | Reached skill level 11 in Unarmed Combat
  5648 | D:7      | Found a flagged portal.
  5729 | Bailey   | Entered a bailey
  5735 | Bailey   | Noticed an orc warlord
  5858 | Bailey   | Found a runed translucent gate.
  5860 | Bailey   | Found a runed translucent gate.
  5861 | Bailey   | Found a runed translucent gate.
  5884 | Bailey   | Reached XP level 10. HP: 97/100 MP: 9/9
  5987 | Bailey   | Killed an orc warlord
  6053 | Bailey   | Reached skill level 10 in Shields
  6053 | Bailey   | Reached skill level 13 in Unarmed Combat
  6053 | Bailey   | Reached XP level 11. HP: 106/106 MP: 10/10
  6573 | D:7      | Noticed Maggie
  6612 | D:7      | Killed Maggie
  6635 | D:7      | Gained mutation: You cannot study or use magical devices.
                  | [Ru sacrifice]
  6635 | D:7      | Reached ****** piety under Ru
  7013 | D:8      | Found a shimmering altar of Xom.
  7228 | D:8      | Reached skill level 14 in Unarmed Combat
  7292 | D:8      | Noticed Gastronok
  7304 | D:8      | Killed Gastronok
  7457 | D:8      | Found a sparkling altar of Nemelex Xobeh.
  7853 | D:9      | Found a staircase to the Lair.
  8359 | D:9      | Noticed Grum
  8376 | D:9      | Killed Grum
  8422 | D:9      | Reached XP level 12. HP: 115/115 MP: 11/11
  8527 | Lair:1   | Entered Level 1 of the Lair of Beasts
  8577 | Lair:1   | You fall into a shaft and drop 1 floor!
  8661 | Lair:2   | Found a hole to the Spider Nest.
  8716 | Lair:2   | Reached skill level 15 in Unarmed Combat
  8794 | Lair:2   | Noticed a four-headed hydra
  8799 | Lair:2   | Killed an eight-headed hydra
  8979 | Lair:2   | Noticed an eight-headed hydra
  8990 | Lair:2   | Slain by a 15-headed hydra

Illustrated notes

Levels and vault maps discovered:
D:1:      eino_arrival_water_star, layout_rooms, amethyst_killhole
D:2:      layout_rooms, basic_altar, chequers_garden, minmay_tetromino_i4,
          uniq_robin, uniq_sigmund
D:3:      layout_loops_corners, mainiacjoe_overflow_catch_the_wave,
          dilly_ecumenical_altar_fadedgnrine, grunt_decor_fettered, uniq_jessica
D:4:      layout_layer_cave, cheibrodos_ashenzari_chains,
          gammafunk_ghost_abyssal_escape, minmay_gold_behind_fungi,
          kennysheep_generic_room_4
D:5:      layout_layer_cave, vehumet_statue, minmay_temple_entry_wispy,
          nicolae_ossuary_entry_ruins, portal_sewer_entry_e,
          serial_bayou_pond_b, dk_noncrumbling_3
D:6:      layout_rooms, nzn_wu_jian_contemplation, chequers_hall_statues_y,
          hex_medium, minmay_puff
D:7:      layout_loops_corners, enter_bailey_5, kennysheep_generic_room_15,
          uniq_menkaure, uniq_maggie
D:8:      layout_basic, mainiacjoe_overflow_24_doors, mainiacjoe_overflow_paths,
          grunt_decor_junction, uniq_gastronok
D:9:      layout_roguey, lair_entry_dummy, uniq_grum
Temple:   cyrus_circular_temple
Lair:1:   layout_gridlike
Lair:2:   layout_regular_city, hellmonk_spider_entry_life_and_decay,
          ebering_ghost_funeral_grove, grunt_megastairs_5

Skill      XL: |  1  2  3  4  5  6  7  8  9 10 11 12 |
---------------+-------------------------------------+-----
Fighting       | 3 |  3.0
Dodging        | 3 |  3.0
Unarmed Combat | 5 6 7 8 9 11 13 14 15 | 15.3
Shields        | 1 3 6 8 10 12 | 12.7
Stealth        | |  1.0

Action                   |  1- 3 |  4- 6 |  7- 9 | 10-12 || total
-------------------------+-------+-------+-------+-------++-------
Melee: Unarmed           |    57 |   168 |   374 |   379 ||   978
       Punch             |     2 |     4 |       |       ||     6
Invok: Sacrifice Resista |       |     1 |       |       ||     1
       Sacrifice Arcana  |       |     1 |       |       ||     1
       Sacrifice Essence |       |       |     1 |       ||     1
       Sacrifice Artific |       |       |       |     1 ||     1
  Use: Scroll            |     3 |     6 |     4 |     1 ||    14
       Potion            |     2 |     1 |     9 |     9 ||    21
 Stab: Sleeping          |     3 |     5 |       |       ||     8
       Distracted        |       |       |     1 |     3 ||     4
       Invisible         |       |       |     2 |     2 ||     4
       Paralysed         |       |       |       |     3 ||     3
Armor: Robe              |    21 |    53 |    47 |       ||   121
       Acid dragon scale |       |       |    36 |     8 ||    44
       Swamp dragon scal |       |       |       |    55 ||    55
       Skin              |       |       |       |     5 ||     5
Dodge: Dodged            |    17 |    68 |    57 |    85 ||   227
Block: Tower shield      |       |    11 |   181 |   229 ||   421
